 Dungeon Crawl Stone Soup version 0.27-a0-1529-g1e82c303ef (webtiles) character file.

Game seed: 3103413553965914160

2290 gruber the Nimble (level 9, -2/74 HPs)
             Began as a Minotaur Hunter on July 12, 2021.
             Was an Initiate of Ru.
             Slain by an orc wizard (4 damage)
             ... on level 6 of the Dungeon.
             The game lasted 00:09:47 (7515 turns).

gruber the Nimble (Minotaur Hunter)                 Turns: 7515, Time: 00:09:47

Health: -2/74      AC: -2    Str: 16 (19) XL:     9   Next: 17%
Magic:  8/8        EV: 13    Int:  6 (8)  God:    Ru [......]
Gold:   317        SH:  5    Dex:  9 (12) Spells: 8/8 levels left

rFire    . . .     SeeInvis .   F - +4 falchion
rCold    . . .     Faith    .   z - +0 buckler
rNeg     . . .     Spirit   .   s - +0 ring mail
rPois    +         Reflect  .   (helmet restricted)
rElec    .         Harm     .   u - +0 cloak
rCorr    .         Rampage  .   (no gloves)
Will     .....                  y - +0 pair of boots
Stlth    +.........             (no amulet)
HPRegen  0.22/turn              i - +4 ring of slaying
MPRegen  0.11/turn              t - ring of poison resistance

@: brilliant, corroded
A: horns 2, retaliatory headbutt
a: Renounce Religion


You were on level 6 of the Dungeon.
You worshipped Ru.
Ru was noncommittal.
You visited 2 branches of the dungeon, and saw 7 of its levels.

You collected 317 gold pieces.

Inventory:

Hand Weapons
 a - a +1 hand crossbow
 g - a +1 dagger of flaming
 p - a +2 short sword of venom
 q - a +2 flail of venom
 F - a +4 falchion (weapon)
Missiles
 d - 111 bolts
 h - 32 poisoned darts (quivered)
 j - 6 atropa-tipped darts
Armour
 k - a +0 kite shield
 s - a +0 ring mail (worn)
 u - a +0 cloak (worn)
 y - a +0 pair of boots (worn)
 z - a +0 buckler (worn)
Jewellery
 i - a +4 ring of slaying (left hand)
 t - a ring of poison resistance (right hand)
Wands
 B - a wand of iceblast (6)
Scrolls
 b - 2 scrolls of magic mapping {unknown}
 c - a scroll of teleportation {unknown}
 m - 10 scrolls of identify {unknown}
 o - a scroll of immolation {unknown}
 x - 2 scrolls of noise {unknown}
 C - a scroll of brand weapon {unknown}
 D - a scroll of fear {unknown}
Potions
 e - a potion of degeneration
 f - a potion of brilliance
 l - a potion of flight {unknown}
 r - a potion of attraction {unknown}
 v - a potion of curing
 w - a potion of haste {unknown}
 A - a potion of magic {unknown}
 E - a potion of berserk rage {unknown}


   Skills:
 - Level 5.2 Fighting
 - Level 0.2 Long Blades
 - Level 1.0 Maces & Flails
 - Level 0.2 Polearms
 - Level 0.1 Slings
 - Level 0.1 Bows
 - Level 4.3 Crossbows
 * Level 7.5 Armour
 - Level 8.0 Dodging
 - Level 0.7 Stealth
 - Level 7.0 Shields
 - Level 0.2 Translocations
 - Level 0.2 Transmutations
 - Level 0.2 Ice Magic
 - Level 0.2 Earth Magic
 - Level 0.2 Poison Magic
 - Level 0.2 Invocations
 - Level 0.1 Evocations


You had 8 spell levels left.
You didn't know any spells.
Your spell library contained the following spells:

 Spells                   Type           Power      Damage    Failure   Level
 Static Discharge         Conj/Air       0%         N/A       77%         2
 Lightning Bolt           Conj/Air       0%         1d11      100%        5
 Maxwell's Capacitive Co  Air            0%         ∞         100%        8


Dungeon Overview and Level Annotations

Branches:
Dungeon (6/15)             Temple (1/1) D:4

Altars:
Ashenzari
Cheibriados
Dithmenos
Elyvilon
Gozag
Hepliaklqana
Kikubaaqudgha
Nemelex Xobeh
Okawaru
Ru
Sif Muna
Trog
Vehumet
Xom
Yredelemnul
Zin
The Shining One


Innate Abilities, Weirdness & Mutations

You have a pair of horns on your head.
You reflexively headbutt those who attack you in melee.


Message History

The orc is severely wounded.
The orc misses you. You furiously retaliate!
You headbutt the orc, but do no damage. You hit the orc but do no damage.
The orc is severely wounded.
The orc misses you. You furiously retaliate!
You headbutt the orc, but do no damage. You hit the orc but do no damage.
The orc is severely wounded.
The orc misses you.
The orc zaps a wand.
The bolt of acid hits you.
* * * LOW HITPOINT WARNING * * *
You are splashed with acid!
* * * LOW HITPOINT WARNING * * *
Okay, then.
It was a potion of degeneration.
There was something very wrong with that liquid.
You feel weakened.
You feel dopey.
You feel clumsy. The orc hits you with a +0 falchion.
* * * LOW HITPOINT WARNING * * *
Unknown command.
It was a potion of brilliance.
You feel clever all of a sudden. The orc closely misses you.
You furiously retaliate!
You headbutt the orc, but do no damage.
You riposte.
You barely miss the orc.
The orc is severely wounded.
It was a potion of curing.
You feel better. The orc closely misses you. You furiously retaliate!
You headbutt the orc.
You kill the orc!
You miss something. You headbutt something. Something hits you.
* * * LOW HITPOINT WARNING * * *
You miss something.
A magic dart appears from out of thin air!
The magic dart hits something!
Something hits you.
* * * LOW HITPOINT WARNING * * *
You hit something. You headbutt something. Something hits you.
* * * LOW HITPOINT WARNING * * *
You hit something but do no damage. Something hits you.
* * * LOW HITPOINT WARNING * * *
Something hits you.
You die...

....#.........<# #......#
....#..........# #......#
....#..........# #......#
################ #......#
#......#
###################......##
.........................>#
.............###.##.......#
####.#####.#.# #@########.#
.....# #.#.# #{# #.#######
##########.#.# #{# #........
.........#.#.# #)###### #........
########.#.#.# #......# #........
#......#.#.#.###......# #........
#.####.#.#.#..##......###........
#.# #.#.#.(..............#######
#.####.#.##...##.......[.########


There were no monsters in sight!

Vanquished Creatures
  Eustachio (D:4)
  Edmund (D:4)
  A water moccasin (D:5)
  Duvessa (D:4)
  A sky beast (D:6)
  A necrophage (D:5)
  2 black bears (D:5)
  An orc warrior (D:6)
  An ogre (D:4)
  A phantom (D:4)
  A scorpion (D:5)
  Dowan (D:4)
  A water moccasin zombie (D:5)
  2 water moccasin skeletons (D:4)
  5 wights (D:6)
  2 bullfrog zombies (D:6)
  2 hounds
  2 orc priests
  2 bullfrog skeletons
  A jelly (D:6)
  Crazy Yiuf (D:3)
  A gnoll shaman (D:5)
  3 iguanas
  Terence (D:3)
  A scorpion zombie (D:5)
  2 orc wizards (D:6)
  7 gnolls
  10 adders
  A white imp (D:6)
  2 ufetubi (D:6)
  An adder skeleton (D:4)
  4 dart slugs
  8 orcs
  6 ball pythons
  5 endoplasms
  5 giant cockroaches
  6 goblins
  6 hobgoblins
  3 jackals
  5 kobolds
  A quokka (D:2)
  3 bats
  3 frilled lizards
  5 rats
120 creatures vanquished.

Notes
Turn   | Place    | Note
-------+----------+-------------------------------------------
     0 | D:1      | gruber the Minotaur Hunter began the quest for the Orb.
     0 | D:1      | Reached XP level 1. HP: 18/18 MP: 0/0
   300 | D:1      | Reached XP level 2. HP: 21/26 MP: 1/1
   905 | D:1      | Found a faded altar of an unknown god.
  1263 | D:2      | Reached skill level 1 in Armour
  1263 | D:2      | Reached XP level 3. HP: 33/33 MP: 2/2
  2209 | D:3      | Reached XP level 4. HP: 40/40 MP: 3/3
  2307 | D:3      | Found a shadowy altar of Dithmenos.
  2307 | D:3      | Found a glowing golden altar of the Shining One.
  2523 | D:3      | Noticed Terence
  2532 | D:3      | Killed Terence
  2865 | D:3      | Reached skill level 1 in Maces & Flails
  2865 | D:3      | Reached XP level 5. HP: 46/46 MP: 4/4
  2901 | D:3      | Found a runed translucent door.
  2902 | D:3      | Noticed Crazy Yiuf
  2966 | D:3      | Reached skill level 5 in Armour
  3293 | D:3      | Killed Crazy Yiuf
  3294 | D:3      | Reached skill level 1 in Shields
  3367 | D:4      | Noticed Dowan
  3368 | D:4      | Noticed Duvessa
  3381 | D:4      | Killed Duvessa
  3382 | D:4      | Reached XP level 6. HP: 13/52 MP: 5/5
  3382 | D:4      | Killed Dowan
  3796 | D:4      | Noticed Edmund
  3804 | D:4      | Killed Edmund
  3805 | D:4      | Reached XP level 7. HP: 33/59 MP: 6/6
  3949 | D:4      | Reached skill level 5 in Shields
  4242 | D:4      | Noticed Eustachio
  4250 | D:4      | Killed Eustachio
  4326 | D:4      | Reached skill level 5 in Fighting
  4703 | D:4      | Found a staircase to the Ecumenical Temple.
  4856 | D:5      | Entered Level 5 of the Dungeon
  5018 | D:5      | Reached skill level 3 in Dodging
  5018 | D:5      | Reached XP level 8. HP: 63/68 MP: 7/7
  5160 | D:5      | Reached skill level 4 in Dodging
  5232 | D:5      | Reached skill level 5 in Dodging
  5287 | D:5      | Found a hazy altar of Hepliaklqana.
  5518 | D:5      | Reached skill level 6 in Dodging
  5573 | D:5      | Reached skill level 7 in Dodging
  6217 | D:6      | Reached skill level 8 in Dodging
  6311 | Temple   | Entered the Ecumenical Temple
  6408 | Temple   | Became a worshipper of Ru the Awakened
  6768 | D:6      | Reached XP level 9. HP: 43/70 MP: 8/8
  7508 | D:6      | HP: 3/74 [orc (4)]
  7515 | D:6      | HP: 2/74 [something (2)]
  7515 | D:6      | Slain by an orc wizard

Illustrated notes

Levels and vault maps discovered:
D:1:      noname_arrival_rooms_in_the_neighbourhood, layout_loops_ring,
          dreamdust_ecumenical_altar_angels_and_demons, minivault_5,
          minmay_tiny_reverse_x
D:2:      layout_basic
D:3:      minmay_wonky_spiral, layout_loops_corners,
          gammafunk_temple_overflow_statue, serial_glass, glass_columns_a,
          glass_columns_c, uniq_terence, uniq_crazy_yiuf_cottage
D:4:      minmay_skewed_foursquare, layout_basic,
          minmay_temple_entry_drinking_statues, uniq_eustachio, uniq_edmund,
          uniq_duvessa
D:5:      layout_loops_corners, mainiacjoe_overflow_paths
D:6:      layout_basic, dk_rats_in_the_wall
Temple:   jpeg_temple_clearing

Skill      XL: |  1  2  3  4  5  6  7  8  9 |
---------------+----------------------------+-----
Fighting       | 3 4 5 |  5.2
Armour         | 1 3 4 5 6 7 |  7.5
Maces & Flails | 1 |  1.0
Shields        | 2 4 7 |  7.0
Dodging        | 3 8 |  8.0
Long Blades    | |  0.2
Polearms       | |  0.2
Slings         | |  0.1
Bows           | |  0.1
Crossbows      | |  4.3
Stealth        | |  0.7
Translocations | |  0.2
Transmutations | |  0.2
Ice Magic      | |  0.2
Earth Magic    | |  0.2
Poison Magic   | |  0.2
Invocations    | |  0.2
Evocations     | |  0.1

Action                   |  1- 3 |  4- 6 |  7- 9 || total
-------------------------+-------+-------+-------++-------
Melee: Short sword       |    40 |     7 |       ||    47
       Headbutt          |     8 |     9 |    39 ||    56
       Dagger            |    21 |       |       ||    21
       Flail             |       |    44 |   123 ||   167
       Falchion          |       |       |    32 ||    32
  Use: Potion            |       |       |     4 ||     4
 Stab: Sleeping          |     1 |     2 |       ||     3
Armor: Leather armour    |    13 |     6 |       ||    19
       Ring mail         |       |     8 |    41 ||    49
Dodge: Dodged            |    47 |    34 |    93 ||   174
Block: Buckler           |       |       |    28 ||    28
       Rpst.: Falchion   |       |       |     3 ||     3

Table legend: (Time is in decaauts)
 A = Elapsed time spent in this place.
 B = Non-inter-level travel time spent in this place.
 C = Inter-level travel time spent in this place.
 D = Time resting spent in this place.
 E = Time spent auto-exploring this place.
 F = Levels seen in this place.
 G = Mean time per level.
                   A        B        C        D        E       F      G
               +--------+--------+--------+--------+--------+-----+--------+
         Total |   7589 |   7054 |    535 |    461 |   5794 |   7 | 1084.1 |
       Dungeon |   7476 |   6956 |    520 |    461 |   5700 |   6 | 1246.0 |
        Temple |    112 |     97 |     15 |      0 |     94 |   1 |  112.0 |
               +--------+--------+--------+--------+--------+-----+--------+

Top non-repeatable levels by time:
     D:5: 1398 daAuts
     D:3: 1390 daAuts
     D:4: 1322 daAuts
     D:1: 1211 daAuts
     D:6: 1155 daAuts
     D:2: 998 daAuts
  Temple: 112 daAuts
